 Dungeon Crawl Stone Soup version 0.27.1-1-g398f81649c (webtiles) character file.

Game seed: 7824148091815290451

49 r3algoood the Caller (level 3, -3/25 HPs)
             Began as a Gnoll Summoner on Sept 7, 2021.
             Killed by nerve-wracking pain
             ... invoked by an orc priest
              (13 damage)
             ... on level 3 of the Dungeon.
             The game lasted 00:05:57 (2595 turns).

r3algoood the Caller (Gnoll Summoner)               Turns: 2595, Time: 00:05:58

Health: -3/25      AC:  2    Str:  7    XL:     3   Next: 75%
Magic:  4/9        EV: 13    Int: 15    God:
Gold:   49         SH:  0    Dex: 12    Spells: 8/12 levels left

rFire    . . .     SeeInvis .   c - +1 spear (venom)
rCold    . . .     Faith    .   (no shield)
rNeg     . . .     Spirit   .   a - +0 robe
rPois    .         Reflect  .   (no helmet)
rElec    .         Harm     .   (no cloak)
rCorr    .         Rampage  .   (no gloves)
Will     .....                  (no boots)
Stlth    ++........             (no amulet)
HPRegen  0.08/turn              (no ring)
MPRegen  0.11/turn              (no ring)

@: no status effects
A: fangs 1, strong nose, distributed training
a: no special abilities


You were on level 3 of the Dungeon.
You visited 1 branch of the dungeon, and saw 4 of its levels.

You collected 49 gold pieces.

Inventory:

Hand Weapons
 b - a +1 dagger of venom
 c - a +1 spear of venom (weapon)
 f - a +1 long sword of holy wrath
Missiles
 h - 8 boomerangs
Armour
 a - a +0 robe (worn)
Scrolls
 g - a scroll of identify {unknown}
Potions
 d - a potion of curing {unknown}
 e - 3 potions of heal wounds {unknown}


   Skills:
 + Level 0.9 Fighting
 + Level 0.9 Short Blades
 + Level 0.9 Long Blades
 + Level 0.9 Axes
 + Level 0.9 Maces & Flails
 + Level 0.9 Polearms
 + Level 0.9 Staves
 + Level 0.9 Slings
 + Level 0.9 Bows
 + Level 0.9 Crossbows
 + Level 0.9 Throwing
 + Level 0.9 Armour
 + Level 4.5 Dodging
 + Level 4.2 Stealth
 + Level 0.9 Shields
 + Level 0.9 Unarmed Combat
 + Level 5.0 Spellcasting
 + Level 0.6 Conjurations
 + Level 0.6 Hexes
 + Level 7.1 Summonings
 + Level 0.6 Necromancy
 + Level 0.6 Translocations
 + Level 0.6 Transmutations
 + Level 0.6 Fire Magic
 + Level 0.6 Ice Magic
 + Level 0.6 Air Magic
 + Level 0.6 Earth Magic
 + Level 0.6 Poison Magic
 + Level 1.0 Invocations
 + Level 0.9 Evocations


You had 8 spell levels left.
You knew the following spells:

 Your Spells              Type           Power      Damage    Failure   Level
a - Summon Small Mammal   Summ           100%       N/A       1%          1
b - Summon Guardian Gole  Hex/Summ       15%        N/A       10%         3

Your spell library contained the following spells:

 Spells                   Type           Power      Damage    Failure   Level
 Call Imp                 Summ           25%        N/A       1%          2
 Call Canine Familiar     Summ           25%        N/A       2%          3
 Summon Lightning Spire   Summ/Air       15%        N/A       32%         4


Dungeon Overview and Level Annotations

Branches:
Dungeon (4/15)
 Temple: D:4-7

Altars:


Innate Abilities, Weirdness & Mutations

You have very sharp teeth.
Your uncanny sense of smell can sniff out nearby items.
Your experience applies equally to all skills.


Message History

You kill the rat!
Found 10 stones.
You see here a rat corpse.
The helpless ball python fails to defend itself.
You hit the ball python.
The ball python is poisoned.
The ball python is severely wounded.
You kill the ball python!
An orc, an orc priest and an orc wizard come into view.
Found 13 gold pieces.
The orc shouts! x2; The orc wizard shouts!
The orc priest shouts!
The orc priest looks satisfied for a moment.
Casting: Summon Small Mammal (safe; 1% risk of failure)
Confirm with . or Enter, or press ? or * to list all spells.
The orc closely misses you.
The orc wizard hits your bat with a +0 dagger.
Casting: Summon Small Mammal (safe; 1% risk of failure)
Confirm with . or Enter, or press ? or * to list all spells.
The spell is quite dangerous to cast (10% risk of failure)!
Continue anyway?
A guardian golem appears, shielding your allies.
Your bat misses the orc wizard. The orc misses you.
Your bat closely misses the orc wizard.
The orc hits you with a +0 flail!
The orc wizard hits you with a +0 dagger.
Your bat misses the orc wizard.
Casting: Summon Guardian Golem (quite dangerous; 10% risk of failure)
Confirm with . or Enter, or press ? or * to list all spells.
Your bat hits the orc wizard but does no damage.
The orc completely misses you.
The orc priest hits your quokka with a +0 dagger.
The orc wizard hits you with a +0 dagger.
The orc hits you with a +0 flail.
Your bat hits the orc wizard but does no damage.
The orc priest misses your quokka. The orc wizard barely misses you.
Your quokka barely misses the orc priest.
The orc hits your quokka with a +0 flail.
You swap places.
Found a black potion.
Your bat hits the orc wizard but does no damage.
The orc priest calls down the wrath of Beogh upon you.
Pain shoots through your body!
Ouch! That really hurt!
You die...

#....§?...............
#.§§..........≈.......
..§§..........≈≈......
.§§§....†.............
..§.§...............#
.......####.o.......#
......# ##or....≈.#
...... #8oo..≈≈.#
≈..... #@.....≈.#
..... #.b.....## .(...
........# ....
.........# ∆
.....$....#
......§≈..##
......§§..##
......§§.§!.


You could see an orc priest (ally target), an orc wizard (ally target), 2 orcs,
a friendly guardian golem (summoned), a friendly quokka (summoned, sheltered)
and a friendly bat (summoned, sheltered).

Vanquished Creatures
  An adder (D:3)
  3 goblins
  2 hobgoblins
  3 kobolds
  3 ball pythons
  2 rats
14 creatures vanquished.

Vanquished Creatures (collateral kills)
  An adder (D:3)
  A worm (D:2)
  An orc (D:3)
  4 ball pythons
  5 bats
  2 endoplasms (D:1)
  3 goblins
  A hobgoblin (D:1)
  4 jackals (D:1)
  A quokka (D:1)
  A frilled lizard (D:2)
  2 kobolds (D:1)
  2 rats (D:1)
  A spectral hobgoblin (D:1)
29 creatures vanquished.

Grand Total: 43 creatures vanquished

Notes
Turn   | Place    | Note
-------+----------+-------------------------------------------
     0 | D:1      | r3algoood the Gnoll Summoner began the quest for the Orb.
     0 | D:1      | Reached XP level 1. HP: 13/13 MP: 6/6
   197 | D:1      | Found a faded altar of an unknown god.
   536 | D:1      | Reached XP level 2. HP: 18/18 MP: 2/7
  1218 | D:2      | Reached XP level 3. HP: 12/25 MP: 9/9
  1235 | D:2      | Reached skill level 5 in Spellcasting
  1564 | D:2      | Learned a level 3 spell: Summon Guardian Golem
  1576 | D:2      | You fall into a shaft and drop 2 floors!
  1623 | D:2      | You fall into a shaft and drop 1 floor!
  2262 | D:3      | Reached skill level 1 in Invocations
  2595 | D:3      | Killed from afar by an orc priest

Illustrated notes

Levels and vault maps discovered:
D:1:      giann_wishing_wells, layout_basic,
          dreamdust_ecumenical_altar_drowned_temple, hex_intersection,
          st_stairs_1
D:2:      layout_basic, serial_shops, nicolae_shop_behind_doors,
          minmay_misc_feat_rows
D:3:      layout_basic, dk_vineyard_2, kennysheep_decorative_pillar,
          chequers_serial_rivers_small_3
D:4:      layout_rooms, riverfiend_overflow_shadow_ancestor, sigmund_army

Skill      XL: |  1  2  3 |
---------------+----------+-----
Spellcasting   | 5 |  5.0
Invocations    | 1 |  1.0
Fighting       | |  0.9
Short Blades   | |  0.9
Long Blades    | |  0.9
Axes           | |  0.9
Maces & Flails | |  0.9
Polearms       | |  0.9
Staves         | |  0.9
Slings         | |  0.9
Bows           | |  0.9
Crossbows      | |  0.9
Throwing       | |  0.9
Armour         | |  0.9
Dodging        | |  4.5
Stealth        | |  4.2
Shields        | |  0.9
Unarmed Combat | |  0.9
Conjurations   | |  0.6
Hexes          | |  0.6
Summonings     | |  7.1
Necromancy     | |  0.6
Translocations | |  0.6
Transmutations | |  0.6
Fire Magic     | |  0.6
Ice Magic      | |  0.6
Air Magic      | |  0.6
Earth Magic    | |  0.6
Poison Magic   | |  0.6
Evocations     | |  0.9

Action                   || total
-------------------------++-------
Melee: Spear             ||    32
       Unarmed           ||     1
 Cast: Summon Small Mamm ||    69
       Summon Guardian G ||     1
 Stab: Sleeping          ||     3
       Distracted        ||     1
Armor: Robe              ||     9
Dodge: Dodged            ||    44
